 Dungeon Crawl Stone Soup version 0.29.1-13-g9f3cf754e1 (webtiles) character file.

Game seed: 12526242713628517169

7 KittyFluff the Trooper (level 2, -1/19 HPs)
             Began as a Gargoyle Berserker on Feb 5, 2023.
             Was a Follower of Trog.
             Killed from afar by a dart slug (4 damage)
             ... with a slug dart
             ... on level 1 of the Dungeon.
             The game lasted 00:00:36 (180 turns).

KittyFluff the Trooper (Gargoyle Berserker)          Turns: 180, Time: 00:00:36

Health: -1/19      AC:  5    Str: 20    XL:     2   Next: 4%
Magic:  2/2        EV: 11    Int:  7    God:    Trog [*.....]
Gold:   0          SH:  0    Dex:  9    Spells: 1/1 levels left

rFire   . . .      SeeInvis .   a - +0 mace
rCold   . . .      Faith    .   (no shield)
rNeg    + . .      Spirit   .   b - +0 animal skin
rPois   ∞          Reflect  .   (no helmet)
rElec   +          Harm     .   (no cloak)
rCorr   .          Rampage  .   (no gloves)
Will    .....                   (no boots)
Stlth   +.........              (no amulet)
HPRegen 0.06/turn               (no ring)
MPRegen 0.08/turn               (no ring)

@: no status effects
A: sickness immunity, AC +2, negative energy resistance 1, electricity
resistance, torment resistance 1, petrification resistance
a: Renounce Religion, Berserk


You were on level 1 of the Dungeon.
You worshipped Trog.
Trog was aware of your devotion.
You visited 1 branch of the dungeon, and saw 1 of its levels.

Inventory:

Hand Weapons
 a - a +0 mace (weapon)
Armour
 b - a +0 animal skin (worn)
Scrolls
 c - a scroll of enchant weapon {unknown}


   Skills:
 + Level 3.4 Fighting
 + Level 3.2 Maces & Flails
 * Level 2.3 Armour
 + Level 1.6 Dodging


You had one spell level left.
You didn't know any spells.
Your spell library was empty.

Dungeon Overview and Level Annotations

Branches:
Dungeon (1/15)

Altars:


Innate Abilities, Weirdness & Mutations

You are immune to sickness and miasma.
Your stone body is resilient. (AC +2)
You are immune to poison.
You resist negative energy. (rN+)
You are resistant to electric shocks. (rElec)
You are resistant to unholy torment.
You are immune to petrification.


Message History

The hobgoblin hits you but does no damage.
You closely miss the goblin.
The hobgoblin hits you but does no damage.
The goblin closely misses you. The goblin barely misses you.
The hobgoblin closely misses you.
You sock the goblin!
You kill the goblin!
Trog accepts your kill. The hobgoblin hits you.
The hobgoblin closely misses you.
You see here a +0 dagger.
You hit the hobgoblin.
The hobgoblin is heavily wounded.
The hobgoblin barely misses you.
You hit the hobgoblin.
The hobgoblin is almost dead.
The hobgoblin closely misses you.
You hit the hobgoblin but do no damage.
The hobgoblin is almost dead.
The hobgoblin hits you.
* * * LOW HITPOINT WARNING * * *
The dart slug briefly extends its eye-stalks.
You closely miss the hobgoblin.
The hobgoblin is almost dead.
The hobgoblin closely misses you. The hobgoblin hits you.
* * * LOW HITPOINT WARNING * * *
You hit the hobgoblin.
You kill the hobgoblin!
Trog accepts your kill. The ball python closely misses you.
The ball python grabs you. The ball python constricts you.
* * * LOW HITPOINT WARNING * * *
You have reached level 2!
You sock the ball python!
You kill the ball python!
Trog accepts your kill.
You completely miss the dart slug. The dart slug launches a dart at you.
The slug dart hits you.
You die...

########### #.........#
#.........#...........
#.........# ..........
#.........# ..........
#.........###.........
####..........##.........
#.............##.........
###.###+##......@#.........
.................w.)....>..
##.####.#######..#.........
#.# #.....#....#!........
#.♣#♣♣###.#.##..##.........
#♣...<♣##.#.....##.........
♣.♣..♣##...................
.♣#♣♣# ######...#.######+##
#.## ###......###...


You could see a dart slug.

Vanquished Creatures
  An endoplasm (D:1)
  A goblin (D:1)
  A hobgoblin (D:1)
  A kobold (D:1)
  A quokka (D:1)
  A ball python (D:1)
6 creatures vanquished.

Notes
Turn   | Place    | Note
-------+----------+-------------------------------------------
     0 | D:1      | KittyFluff the Gargoyle Berserker began the quest for the
                  | Orb.
     0 | D:1      | Reached XP level 1. HP: 14/14 MP: 1/1
   179 | D:1      | Reached XP level 2. HP: 3/19 MP: 2/2
   180 | D:1      | Killed from afar by a dart slug

Illustrated notes

Levels and vault maps discovered:
D:1:      pf_arrival_petrified_forest, layout_basic

Action                   || total
-------------------------++-------
Melee: Mace              ||    22
Armor: Animal skin       ||     9
Dodge: Dodged            ||    19
